TOP OF THE 1ST |
Columbus Reds batting - Pitching for Brockton Rox : RHP Pedro Fuentes
|
Pitching: RHP Pedro Fuentes
|
|
Batting: LHB Alex Ramos
|
0-0: Ball 1-0: Swinging Strike 1-1: Swinging Strike 1-2: Strikes out swinging
|
Batting: RHB Tony Camacho
|
0-0: Ball 1-0: Called Strike 1-1: Ball 2-1: Foul Ball, location: 2F 2-2: Foul Ball, location: 2F 2-2: Strikes out swinging
|
Batting: RHB Aaron Barraza
|
0-0: Ball 1-0: Called Strike 1-1: Ball 2-1: Foul Ball, location: 2F 2-2: Ball 3-2: Foul Ball, location: 2F 3-2: Foul Ball, location: 2F 3-2: Foul Ball, location: 2F 3-2: Ground out 4-3 (Groundball, 4, EV 83.1 MPH)
|
Top of the 1st over - 0 runs, 0 hits, 0 errors, 0 left on base; Columbus 0 - Brockton 0 |
BOTTOM OF THE 1ST |
Brockton Rox batting - Pitching for Columbus Reds : RHP Jim Linseman
|
Pitching: RHP Jim Linseman
|
|
Batting: LHB Darby Starburster
|
0-0: Ball 1-0: Ball 2-0: SOLO HOME RUN (Flyball, 89XD, EV 105.0 MPH), Distance : 417 ft
|
Batting: SHB Zach Clark
|
0-0: Ball 1-0: Ground out 4-3 (Groundball, 4, EV 83.1 MPH)
|
Batting: RHB Kyle Franken
|
0-0: Called Strike 0-1: Foul Ball, location: 2F 0-2: Ball 1-2: Ball 2-2: Ball 3-2: Ground out 6-3 (Groundball, 6, EV 109.4 MPH)
|
Batting: LHB Isaiah Spitzbarth
|
0-0: Ball 1-0: SINGLE (Line Drive, 9S, EV 102.5 MPH)
|
Batting: RHB Jeremy Valk
|
0-0: Called Strike 0-1: Ball 1-1: DOUBLE (Line Drive, 7LS, EV 106.2 MPH) Isaiah Spitzbarth to third Runner from 3rd tries for Home, SAFE, no throw by LF
|
Batting: LHB Jim Connel
|
0-0: Ball 1-0: Ball 2-0: Foul Ball, location: 2F 2-1: Ball 3-1: Swinging Strike 3-2: Fly out, F8 (Line Drive, 8LM, EV 98.1 MPH)
|
Bottom of the 1st over - 2 runs, 3 hits, 0 errors, 1 left on base; Columbus 0 - Brockton 2 |
TOP OF THE 2ND |
Columbus Reds batting - Pitching for Brockton Rox : RHP Pedro Fuentes
|
Batting: RHB Ji-an See-to
|
0-0: Foul Ball, location: 2F 0-1: Ball 1-1: Ball 2-1: Foul Ball, location: 2F 2-2: Strikes out looking
|
Batting: SHB Bill Dissette
|
0-0: Ball 1-0: Called Strike 1-1: Ball 2-1: Swinging Strike 2-2: Strikes out swinging
|
Batting: RHB Matt Carman
|
0-0: Foul Ball, location: 2F 0-1: Ball 1-1: Called Strike 1-2: Fly out, F3 (Popup, 3F, EV 59.4 MPH)
|
Top of the 2nd over - 0 runs, 0 hits, 0 errors, 0 left on base; Columbus 0 - Brockton 2 |
BOTTOM OF THE 2ND |
Brockton Rox batting - Pitching for Columbus Reds : RHP Jim Linseman
|
Batting: RHB Joe Borrowman
|
0-0: SINGLE (Groundball, 4MD, EV 97.5 MPH)
|
Batting: LHB Makoto Shimazu
|
0-0: Ball 1-0: Swinging Strike 1-1: Called Strike 1-2: Ball 2-2: Ball 3-2: Foul Ball, location: 2F 3-2: Fly out, F9 (Flyball, 9, EV 75.0 MPH)
|
Batting: SHB Mel Gonzalez
|
0-0: Ball 1-0: Swinging Strike 1-1: Swinging Strike 1-2: Foul Ball, location: 2F 1-2: Fielders Choice at 2nd, 3-6 (Groundball, 3, EV 89.4 MPH)
|
Batting: LHB Darby Starburster
|
0-0: Ball 1-0: Fly out, F6 (Line Drive, 6M, EV 68.1 MPH)
|
Bottom of the 2nd over - 0 runs, 1 hit, 0 errors, 1 left on base; Columbus 0 - Brockton 2 |
TOP OF THE 3RD |
Columbus Reds batting - Pitching for Brockton Rox : RHP Pedro Fuentes
|
Batting: RHB Jorge Velez
|
0-0: Ball 1-0: Ball 2-0: Called Strike 2-1: Swinging Strike 2-2: Strikes out looking
|
Batting: RHB Nick Partain
|
0-0: Fly out, F8 (Line Drive, 8LD, EV 101.9 MPH)
|
Batting: RHB Cornholdo Schwerin
|
0-0: Ball 1-0: Foul Ball, location: 2F 1-1: Called Strike 1-2: Ball 2-2: SINGLE (Groundball, 56D, EV 98.8 MPH)
|
Batting: LHB Alex Ramos
|
0-0: Foul Ball, location: 2F 0-1: Called Strike 0-2: TRIPLE (Flyball, 78XD, EV 105.6 MPH) Cornholdo Schwerin scores
|
Batting: RHB Tony Camacho
|
0-0: Foul Ball, location: 2F 0-1: Ball 1-1: Foul Ball, location: 2F 1-2: Ball 2-2: Ground out 1-3 (Groundball, 13S, EV 65.0 MPH)
|
Top of the 3rd over - 1 run, 2 hits, 0 errors, 1 left on base; Columbus 1 - Brockton 2 |
BOTTOM OF THE 3RD |
Brockton Rox batting - Pitching for Columbus Reds : RHP Jim Linseman
|
Batting: SHB Zach Clark
|
0-0: SINGLE (Groundball, 23, EV 61.9 MPH) (infield hit)
|
Batting: RHB Kyle Franken
|
0-0: Foul Ball, location: 2F 0-1: Swinging Strike 0-2: Strikes out looking
|
Batting: LHB Isaiah Spitzbarth
|
0-0: Ball 1-0: Called Strike 1-1: Ball Wild Pitch! Zach Clark to second 2-1: Swinging Strike 2-2: Strikes out looking
|
Batting: RHB Jeremy Valk
|
0-0: Called Strike 0-1: Swinging Strike 0-2: Ball 1-2: Ball 2-2: Ground out 5-3 (Groundball, 5S, EV 83.1 MPH)
|
Bottom of the 3rd over - 0 runs, 1 hit, 0 errors, 1 left on base; Columbus 1 - Brockton 2 |
TOP OF THE 4TH |
Columbus Reds batting - Pitching for Brockton Rox : RHP Pedro Fuentes
|
Batting: RHB Aaron Barraza
|
0-0: Called Strike 0-1: Ball 1-1: Called Strike 1-2: Ball 2-2: Fly out, F9 (Flyball, 89D, EV 81.9 MPH)
|
Batting: RHB Ji-an See-to
|
0-0: Called Strike 0-1: Foul Ball, location: 2F 0-2: Strikes out swinging
|
Batting: SHB Bill Dissette
|
0-0: Ground out 4-3 (Groundball, 4, EV 105.0 MPH)
|
Top of the 4th over - 0 runs, 0 hits, 0 errors, 0 left on base; Columbus 1 - Brockton 2 |
BOTTOM OF THE 4TH |
Brockton Rox batting - Pitching for Columbus Reds : RHP Jim Linseman
|
Batting: LHB Jim Connel
|
0-0: Called Strike 0-1: Ball 1-1: Foul Ball, location: 2F 1-2: Foul Ball, location: 2F 1-2: Strikes out swinging
|
Batting: RHB Joe Borrowman
|
0-0: Ball 1-0: Called Strike 1-1: Called Strike 1-2: Ball 2-2: Foul Ball, location: 2F 2-2: Ball 3-2: Strikes out looking
|
Batting: LHB Makoto Shimazu
|
0-0: Swinging Strike 0-1: Ground out 4-3 (Groundball, 4, EV 83.1 MPH)
|
Bottom of the 4th over - 0 runs, 0 hits, 0 errors, 0 left on base; Columbus 1 - Brockton 2 |
TOP OF THE 5TH |
Columbus Reds batting - Pitching for Brockton Rox : RHP Pedro Fuentes
|
Batting: RHB Matt Carman
|
0-0: SINGLE (Groundball, 23, EV 66.9 MPH) (infield hit)
|
Batting: RHB Jorge Velez
|
0-0: SINGLE (Line Drive, 9S, EV 87.5 MPH) Matt Carman to second Runner from 2nd tries for 3rd, SAFE, no throw by RF
|
Pinch Hitting: RHB Matt Glover
|
0-0: Foul Ball, location: 2F 0-1: Foul Ball, location: 2F 0-2: Foul Ball, location: 2F 0-2: Strikes out swinging
|
Pinch Hitting: RHB Dan Allred
|
0-0: Ball 1-0: Ball 2-0: Foul Ball, location: 2F 2-1: 3-RUN HOME RUN (Line Drive, 7LD, EV 98.8 MPH), Distance : 355 ft
|
Batting: LHB Alex Ramos
|
0-0: SINGLE (Line Drive, 7S, EV 105.6 MPH)
|
Batting: RHB Tony Camacho
|
0-0: Called Strike 0-1: Called Strike Alex Ramos is caught stealing 2nd base 2-4 0-2: Strikes out swinging
|
Top of the 5th over - 3 runs, 4 hits, 0 errors, 0 left on base; Columbus 4 - Brockton 2 |
BOTTOM OF THE 5TH |
Brockton Rox batting - Pitching for Columbus Reds : RHP Jim Linseman
|
Now in CF: Dan Allred
|
|
Now in RF: Alex Ruybalid
|
|
Batting: SHB Mel Gonzalez
|
0-0: Called Strike 0-1: SINGLE (Groundball, 34D, EV 95.6 MPH)
|
Batting: LHB Darby Starburster
|
0-0: Called Strike 0-1: Ball 1-1: Ground out 6-3 (Groundball, 6S, EV 74.4 MPH) Mel Gonzalez to second
|
Batting: SHB Zach Clark
|
0-0: Ball 1-0: Fly out, F4 (Popup, 4, EV 63.8 MPH)
|
Batting: RHB Kyle Franken
|
0-0: Ball 1-0: Ball 2-0: Ball 3-0: Called Strike 3-1: Foul Ball, location: 2F 3-2: Base on Balls
|
Batting: LHB Isaiah Spitzbarth
|
0-0: Ball 1-0: Ball 2-0: Ball 3-0: Called Strike 3-1: Called Strike 3-2: Strikes out looking
|
Bottom of the 5th over - 0 runs, 1 hit, 0 errors, 2 left on base; Columbus 4 - Brockton 2 |
TOP OF THE 6TH |
Columbus Reds batting - Pitching for Brockton Rox : RHP Pedro Fuentes
|
Batting: RHB Aaron Barraza
|
0-0: Ball 1-0: Foul Ball, location: 2F 1-1: Ball 2-1: Ball 3-1: Foul Ball, location: 2F 3-2: Strikes out swinging
|
Pitching: RHP Nico Welling
|
|
Batting: RHB Ji-an See-to
|
0-0: Called Strike 0-1: Ball 1-1: Ball 2-1: Ball 3-1: Called Strike 3-2: Foul Ball, location: 2F 3-2: Base on Balls
|
Batting: SHB Bill Dissette
|
0-0: Foul Ball, location: 2F 0-1: SINGLE (Groundball, 5S, EV 67.5 MPH) (infield hit) Ji-an See-to to second
|
Batting: SHB Eddie Crawford
|
0-0: Fly out, F5 (Popup, 6, EV 75.0 MPH)
|
Pinch Hitting: LHB Gabe Morales
|
0-0: Called Strike 0-1: Ball 1-1: Ball 2-1: Foul Ball, location: 2F 2-2: Ball 3-2: Base on Balls Ji-an See-to to third Bill Dissette to second
|
Batting: RHB Alex Ruybalid
|
0-0: Swinging Strike 0-1: Called Strike 0-2: Foul Ball, location: 2F 0-2: GRAND SLAM HOME RUN (Flyball, 78XD, EV 110.0 MPH), Distance : 424 ft
|
Pitching: LHP Jamie Corbin
|
|
Batting: RHB Dan Allred
|
0-0: Ball 1-0: Ball 2-0: Foul Ball, location: 2F 2-1: Ball 3-1: Foul Ball, location: 2F 3-2: Foul Ball, location: 2F 3-2: Base on Balls
|
Batting: LHB Alex Ramos
|
0-0: Called Strike 0-1: Called Strike 0-2: Ball 1-2: Foul Ball, location: 2F 1-2: Ball 2-2: Foul Ball, location: 2F 2-2: Ground out U3 (Groundball, 3, EV 90.0 MPH)
|
Top of the 6th over - 4 runs, 2 hits, 0 errors, 1 left on base; Columbus 8 - Brockton 2 |
BOTTOM OF THE 6TH |
Brockton Rox batting - Pitching for Columbus Reds : RHP Jim Linseman
|
Now at 3B: Dan Allred
|
|
Now in CF: Gabe Morales
|
|
Batting: RHB Jeremy Valk
|
0-0: Ball 1-0: Called Strike 1-1: Swinging Strike 1-2: Strikes out swinging
|
Batting: LHB Jim Connel
|
0-0: Swinging Strike 0-1: Ball 1-1: DOUBLE (Line Drive, 3D, EV 95.6 MPH)
|
Batting: RHB Joe Borrowman
|
0-0: Ball 1-0: Ball 2-0: DOUBLE (Line Drive, 78D, EV 108.8 MPH) Jim Connel scores
|
Batting: LHB Makoto Shimazu
|
0-0: SINGLE (Groundball, 56D, EV 105.0 MPH) Joe Borrowman to third Runner from 3rd tries for Home, SAFE, throw by LF to home
|
Batting: SHB Mel Gonzalez
|
0-0: Ball 1-0: Called Strike 1-1: Swinging Strike 1-2: Ball 2-2: Ball 3-2: Foul Ball, location: 2F 3-2: Strikes out swinging
|
Batting: LHB Darby Starburster
|
0-0: Called Strike 0-1: Ball 1-1: Ball 2-1: Ball 3-1: Called Strike 3-2: Foul Ball, location: 2F 3-2: Strikes out swinging
|
Bottom of the 6th over - 2 runs, 3 hits, 0 errors, 1 left on base; Columbus 8 - Brockton 4 |
TOP OF THE 7TH |
Columbus Reds batting - Pitching for Brockton Rox : LHP Jamie Corbin
|
Batting: RHB Tony Camacho
|
0-0: Ball 1-0: Ball 2-0: Foul Ball, location: 2F 2-1: Swinging Strike 2-2: Ball 3-2: Foul Ball, location: 2F 3-2: Foul Ball, location: 2F 3-2: Foul Ball, location: 2F 3-2: Base on Balls
|
Batting: RHB Aaron Barraza
|
0-0: Ball 1-0: Ball 2-0: Ball 3-0: Called Strike 3-1: Foul Ball, location: 2F 3-2: Grounds into double play, 5-4-3 (Groundball, 56, EV 104.4 MPH)
|
Batting: RHB Ji-an See-to
|
0-0: Called Strike 0-1: Foul Ball, location: 2F 0-2: Ground out 6-3 (Groundball, 6, EV 81.2 MPH)
|
Top of the 7th over - 0 runs, 0 hits, 0 errors, 0 left on base; Columbus 8 - Brockton 4 |
BOTTOM OF THE 7TH |
Brockton Rox batting - Pitching for Columbus Reds : RHP Jim Linseman
|
Pitching: LHP Joe McLaughlin
|
|
Batting: SHB Zach Clark
|
0-0: Called Strike 0-1: Ball 1-1: Swinging Strike 1-2: Foul Ball, location: 2F 1-2: Strikes out swinging
|
Batting: RHB Kyle Franken
|
0-0: Foul Ball, location: 2F 0-1: Ball 1-1: Foul Ball, location: 2F 1-2: Foul Ball, location: 2F 1-2: Foul Ball, location: 2F 1-2: Ball 2-2: Ball 3-2: Foul Ball, location: 2F 3-2: Foul Ball, location: 2F 3-2: Strikes out looking
|
Batting: LHB Isaiah Spitzbarth
|
0-0: Called Strike 0-1: Called Strike 0-2: Ball 1-2: Foul Ball, location: 2F 1-2: Ball 2-2: Ball 3-2: Fly out, F9 (Flyball, 9LS, EV 90.0 MPH)
|
Bottom of the 7th over - 0 runs, 0 hits, 0 errors, 0 left on base; Columbus 8 - Brockton 4 |
TOP OF THE 8TH |
Columbus Reds batting - Pitching for Brockton Rox : LHP Jamie Corbin
|
Batting: SHB Bill Dissette
|
0-0: Ball 1-0: Ball 2-0: Ball 3-0: Called Strike 3-1: Base on Balls
|
Batting: SHB Eddie Crawford
|
0-0: Foul Ball, location: 2F 0-1: Sac Bunt to 2L - play at first, batter OUT! 2-3 Bill Dissette to second
|
Batting: LHB Gabe Morales
|
0-0: Ball 1-0: Foul Ball, location: 2F 1-1: Ball 2-1: Foul Ball, location: 2F 2-2: Foul Ball, location: 2F 2-2: Ball 3-2: Base on Balls
|
Pitching: LHP Brad Victor
|
|
Batting: RHB Alex Ruybalid
|
0-0: Called Strike 0-1: Called Strike 0-2: Strikes out swinging
|
Batting: RHB Dan Allred
|
0-0: Called Strike 0-1: Called Strike 0-2: Foul Ball, location: 2F 0-2: DOUBLE (Popup, 4D, EV 58.8 MPH) Bill Dissette scores Gabe Morales to third Runner from 3rd tries for Home, SAFE, no throw by 2B
|
Batting: LHB Alex Ramos
|
0-0: Foul Ball, location: 2F 0-1: Ball 1-1: Foul Ball, location: 2F 1-2: Ball 2-2: Ball 3-2: Ground out 6-3 (Groundball, 6, EV 82.5 MPH)
|
Top of the 8th over - 2 runs, 1 hit, 0 errors, 1 left on base; Columbus 10 - Brockton 4 |
BOTTOM OF THE 8TH |
Brockton Rox batting - Pitching for Columbus Reds : LHP Joe McLaughlin
|
Batting: RHB Jeremy Valk
|
0-0: Fly out, F5 (Popup, 25, EV 83.1 MPH)
|
Pinch Hitting: RHB Jose Blocker
|
0-0: Ball 1-0: Ground out 3-1 (Groundball, 13, EV 76.2 MPH)
|
Batting: RHB Joe Borrowman
|
0-0: Called Strike 0-1: Swinging Strike 0-2: SINGLE (Line Drive, 89S, EV 88.8 MPH)
|
Batting: LHB Makoto Shimazu
|
0-0: Ground out 2-3 (Groundball, 13S, EV 73.1 MPH)
|
Bottom of the 8th over - 0 runs, 1 hit, 0 errors, 1 left on base; Columbus 10 - Brockton 4 |
TOP OF THE 9TH |
Columbus Reds batting - Pitching for Brockton Rox : LHP Brad Victor
|
Now at 3B: Zach Clark
|
|
Now in CF: Matt Walker
|
|
Pinch Hitting: SHB Colin Black
|
0-0: Ball 1-0: Fly out, F9 (Flyball, 9, EV 98.8 MPH)
|
Batting: RHB Aaron Barraza
|
0-0: Ball 1-0: Called Strike 1-1: Called Strike 1-2: Ball 2-2: Ground out 4-3 (Groundball, 4M, EV 105.0 MPH)
|
Batting: RHB Ji-an See-to
|
0-0: Ball 1-0: Swinging Strike 1-1: Swinging Strike 1-2: Strikes out swinging
|
Top of the 9th over - 0 runs, 0 hits, 0 errors, 0 left on base; Columbus 10 - Brockton 4 |
BOTTOM OF THE 9TH |
Brockton Rox batting - Pitching for Columbus Reds : LHP Joe McLaughlin
|
Now at 3B: Colin Black
|
|
Now at SS: Dan Allred
|
|
Batting: SHB Mel Gonzalez
|
0-0: Ball 1-0: Called Strike 1-1: Foul Ball, location: 2F 1-2: Ball 2-2: Strikes out swinging
|
Pitching: RHP Alfonso Rosales
|
|
Pinch Hitting: LHB Joe Martens
|
0-0: SINGLE (Flyball, 56D, EV 95.6 MPH) - OUT at second base trying to stretch hit.
|
Batting: SHB Zach Clark
|
0-0: Fly out, F5 (Popup, 5SF, EV 75.0 MPH)
|
Bottom of the 9th over - 0 runs, 1 hit, 0 errors, 0 left on base; Columbus 10 - Brockton 4 |
|